 Dungeon Crawl Stone Soup version 0.28.0-56-g4927b6849a (webtiles) character file.

Game seed: 6500379063258699251

628 NotaViper the Skirmisher (level 7, -4/55 HPs)
             Began as a Demonspawn Abyssal Knight on Feb 7, 2023.
             Was a Believer of Lugonu.
             Slain by an orc warrior
             ... wielding a +0 glaive
              (8 damage)
             ... on level 4 of the Dungeon.
             The game lasted 00:19:12 (3040 turns).

NotaViper the Skirmisher (DsAK)                     Turns: 3040, Time: 00:19:13

Health: -4/55      AC:  9    Str: 15    XL:     7   Next: 23%
Magic:  8/8        EV:  7    Int: 11    God:    Lugonu [**....]
Gold:   983        SH:  0    Dex: 14    Spells: 6/6 levels left

rFire   . . .      SeeInvis +   t - +2 whip (elec)
rCold   . . .      Faith    .   (no shield)
rNeg    . . .      Spirit   .   w - +0 chain mail
rPois   .          Reflect  .   (helmet restricted)
rElec   .          Harm     .   (no cloak)
rCorr   .          Rampage  .   (no gloves)
Will    .....                   (no boots)
Stlth   ..........              (no amulet)
HPRegen 0.18/turn               g - ring of see invisible
MPRegen 0.11/turn               (no ring)

@: no status effects
A: antennae 1, hooves 2, demonic touch 1
a: Renounce Religion, Depart the Abyss, Bend Space


You were on level 4 of the Dungeon.
You worshipped Lugonu.
Lugonu was pleased with you.
You visited 1 branch of the dungeon, and saw 4 of its levels.
You visited the Abyss 1 time.

You collected 983 gold pieces.

Inventory:

Hand Weapons
 a - a +2 falchion
 c - a +0 short sword
 d - a +0 hunting sling
 e - a +0 whip
 h - a +0 hand axe
 k - a +1 dagger of electrocution
 t - a +2 whip of electrocution (weapon)
Missiles
 f - 56 stones
 j - 24 sling bullets
 l - 6 poisoned darts
 n - 49 bolts
 o - 30 arrows
 r - 4 large rocks
Armour
 b - a +0 leather armour
 s - a +1 ring mail
 u - a +0 robe
 v - a +0 cloak
 w - a +0 chain mail (worn)
Magical Staves
 i - a staff of cold
Jewellery
 g - a ring of see invisible (left hand)
Scrolls
 q - a scroll of magic mapping
 x - a scroll of holy word {unknown}
Potions
 m - a potion of heal wounds
 p - a potion of lignification


   Skills:
 + Level 4.9 Fighting
 + Level 4.6 Long Blades
 + Level 1.2 Maces & Flails
 + Level 0.9(1.0) Slings
 + Level 0.2(0.6) Throwing
 + Level 3.6 Armour
 + Level 1.8 Dodging
 + Level 0.5 Stealth
 + Level 2.6 Invocations


You had 6 spell levels left.
You didn't know any spells.
Your spell library contained the following spells:

 Spells                   Type           Power      Damage    Failure   Level
 Static Discharge         Conj/Air       0%         N/A       100%        2
 Haunt                    Necr/Summ      0%         N/A       100%        7
 Spellforged Servitor     Conj/Summ      0%         N/A       100%        7


Dungeon Overview and Level Annotations

Branches:
Dungeon (4/15)
 Temple: D:4-7

Altars:
Cheibriados


Innate Abilities, Weirdness & Mutations

You have a pair of small antennae on your head.
You have hoof-like feet.
Your touch may inflict minor irresistible damage on your foes.


Message History

Throw: 7 darts (poison)
Press: ? - help, Shift-Dir - straight line, f/p - orc wizard
Aim: an orc wizard, wielding a +0 dagger and wearing a +0 robe (slightly transparent, 53% to hit)
You throw a poisoned dart.
The poisoned dart completely misses the orc wizard.
Throw: 57 stones
Press: ? - help, Shift-Dir - straight line, f/p - orc wizard
Aim: an orc wizard, wielding a +0 dagger and wearing a +0 robe (slightly transparent, 53% to hit)
You throw a stone. The stone barely misses the orc wizard.
The orc warrior hits you from afar with a +0 glaive!
The orc wizard casts a spell at you.
You are confused.
The orc warrior closely misses you.
You bump into the rock wall.
The orc warrior hits you from afar with a +0 glaive!
You bump into the rock wall.
The orc warrior barely misses you.
You bump into the rock wall.
The orc warrior hits you but does no damage.
You feel less confused.
The orc warrior hits you but does no damage.
You hit the orc warrior but do no damage.
Your touch misses the orc warrior.
The orc warrior hits you with a +0 glaive!
* * * LOW HITPOINT WARNING * * *
You hit the orc warrior but do no damage.
Your touch misses the orc warrior.
The orc warrior hits you but does no damage.
You barely miss the orc warrior.
You kick the orc warrior, but do no damage.
The orc warrior hits you with a +0 glaive!
* * * LOW HITPOINT WARNING * * *
You barely miss the orc warrior.
You hit the orc warrior but do no damage.
You kick the orc warrior.
The orc warrior is lightly wounded.
The orc warrior barely misses you.
You barely miss the orc warrior.
The orc warrior is lightly wounded.
The orc warrior hits you with a +0 glaive!
You die...

####.###.....#########
..>...................
#....#########........
#.....########.########
#.....#................
#.....#.######...######
#.##..#.######...#....#
#.##.)#..........#.##.#
#.##............@#.##†# .
#.#.............o..)).# ..P
#.#.#.#######..#.#.####....
#...#.#####....#.#...(.....
#.#............#.#.(.......
#.#.#.######...#.#...(..(..
# #.#.######...#.#.#######.
#..............#..
##...#####.##....###


You could see an orc warrior.

Vanquished Creatures
  Grinder (D:4)
  Duvessa (D:4)
  An orc warrior (D:4)
  Dowan (D:4)
  A centaur skeleton (D:3)
  An orc wizard (D:3)
  Natasha (D:2)
  A howler monkey skeleton (D:4)
  5 adders
  A worm (D:4)
  A dart slug (D:3)
  6 orcs
  6 bats
  4 endoplasms
  6 goblins
  7 hobgoblins
  5 ball pythons
  2 frilled lizards (D:1)
  6 kobolds
  5 rats (D:1)
62 creatures vanquished.

Vanquished Creatures (others)
  8 fungi (D:4)
  3 plants (D:4)
11 creatures vanquished.

Grand Total: 73 creatures vanquished

Notes
Turn   | Place    | Note
-------+----------+-------------------------------------------
     0 | Abyss:1  | NotaViper the Demonspawn Abyssal Knight began the quest for
                  | the Orb.
     0 | Abyss:1  | Reached XP level 1. HP: 18/18 MP: 2/2
     0 | D:1      | Escaped the Abyss
    58 | D:1      | Found a faded altar of an unknown god.
   333 | D:1      | Reached skill level 1 in Dodging
   333 | D:1      | Discovered your monstrous ancestry.
   333 | D:1      | Gained mutation: You have large cloven feet. [demonic
                  | ancestry]
   333 | D:1      | Reached XP level 2. HP: 13/24 MP: 3/3
   335 | D:1      | Reached * piety under Lugonu
   781 | D:2      | Found a snail-covered altar of Cheibriados.
   788 | D:2      | Got the Almanac of the Creative Birds
   856 | D:2      | Gained mutation: You have hoof-like feet. [demonic
                  | ancestry]
   856 | D:2      | Reached XP level 3. HP: 24/30 MP: 4/4
  1045 | D:2      | Noticed Natasha
  1053 | D:2      | Killed Natasha
  1361 | D:2      | Reached XP level 4. HP: 35/37 MP: 5/5
  1415 | D:3      | Identified a scroll of acquirement
  1415 | D:3      | Acquired 875 gold pieces
  1495 | D:3      | Found a snail-covered altar of Cheibriados.
  2024 | D:3      | Reached XP level 5. HP: 17/42 MP: 6/6
  2563 | D:4      | Noticed an orc warrior
  2573 | D:4      | Killed an orc warrior
  2575 | D:4      | Reached ** piety under Lugonu
  2639 | D:4      | Noticed Grinder
  2639 | D:4      | Noticed Duvessa
  2640 | D:4      | Noticed Dowan
  2653 | D:4      | HP: 2/42 [Grinder (4)]
  2654 | D:4      | Killed Grinder
  2655 | D:4      | Gained mutation: Your touch may inflict minor irresistible
                  | damage on your foes. [demonic ancestry]
  2655 | D:4      | Reached XP level 6. HP: 1/49 MP: 7/7
  2661 | D:4      | Killed Duvessa
  2662 | D:4      | Reached skill level 1 in Maces & Flails
  2662 | D:4      | Gained mutation: You have a pair of small antennae on your
                  | head. [demonic ancestry]
  2662 | D:4      | Reached XP level 7. HP: 19/55 MP: 8/8
  2670 | D:4      | Killed Dowan
  3040 | D:4      | Slain by an orc warrior

Illustrated notes

Levels and vault maps discovered:
D:1:      giann_bridges, layout_rooms, shapermc_ecumenical_altar_mp_vishouse
D:2:      layout_basic, basic_altar, uniq_natasha
D:3:      layout_loops_corners, kennysheep_slug_shrine,
          kennysheep_generic_room_6
D:4:      layout_basic, fedhas_altar_3, uniq_duvessa, uniq_grinder

Skill      XL: |  1  2  3  4  5  6 |
---------------+-------------------+-----
Dodging        | 1 |  1.8
Long Blades    | 2 3 4 |  4.6
Armour         | 2 3 |  3.6
Fighting       | 4 |  4.9
Maces & Flails | 1 |  1.2
Slings         | |  0.9
Throwing       | |  0.2
Stealth        | |  0.5
Invocations    | |  2.6

Action                   |  1- 3 |  4- 6 |  7- 9 || total
-------------------------+-------+-------+-------++-------
Melee: Falchion          |    68 |    38 |       ||   106
       Kick              |    11 |    16 |     4 ||    31
       Punch             |       |     1 |       ||     1
       Whip              |       |    25 |    28 ||    53
       Touch             |       |       |     2 ||     2
 Fire: Hunting sling     |       |    13 |       ||    13
Throw: Stone             |       |     3 |     1 ||     4
       Dart              |       |       |     9 ||     9
Invok: Depart the Abyss  |     1 |       |       ||     1
  Use: Scroll            |       |     8 |       ||     8
       Potion            |       |     4 |     2 ||     6
Armor: Leather armour    |    33 |       |       ||    33
       Ring mail         |     3 |    19 |     1 ||    23
       Skin              |       |     7 |     2 ||     9
       Chain mail        |       |       |    11 ||    11
Dodge: Dodged            |    62 |    28 |    12 ||   102
